 Dungeon Crawl Stone Soup version 0.27-a0-1557-g57f10a385c (webtiles) character file.

Game seed: 8832958619794809762

212 flotson the Sneak (level 5, -2/42 HPs)
             Began as a Merfolk Delver on July 15, 2021.
             Was an Initiate of Trog.
             Slain by an orc (9 damage)
             ... on level 2 of the Dungeon.
             The game lasted 00:06:01 (4150 turns).

flotson the Sneak (Merfolk Delver)                  Turns: 4150, Time: 00:06:02

Health: -2/42      AC:  5    Str: 13    XL:     5   Next: 89%
Magic:  5/5        EV:  9    Int:  9    God:    Trog [......]
Gold:   39         SH:  8    Dex: 16    Spells: 4/4 levels left

rFire    . . .     SeeInvis .   a - +0 spear
rCold    . . .     Faith    .   i - +1 kite shield {rPois}
rNeg     . . .     Spirit   .   f - +0 ring mail
rPois    +         Reflect  .   (no helmet)
rElec    .         Harm     .   (no cloak)
rCorr    .         Rampage  .   (no gloves)
Will     .....                  (no boots)
Stlth    +++.......             (no amulet)
HPRegen  0.14/turn              (no ring)
MPRegen  0.09/turn              (no ring)

@: no status effects
A: (nimble swimmer 2), mertail
a: Renounce Religion


You were on level 2 of the Dungeon.
You worshipped Trog.
Trog was noncommittal.
You visited 1 branch of the dungeon, and saw 5 of its levels.

You collected 39 gold pieces.

Inventory:

Hand Weapons
 a - a +0 spear (weapon)
Armour
 f - a +0 ring mail (worn)
 i - a +1 kite shield of poison resistance (worn)
Wands
 g - a wand of digging (3)
Scrolls
 b - a scroll of immolation {unknown}
 c - a scroll of fog
 e - 2 scrolls of fear
 j - a scroll of amnesia {unknown}
 p - a scroll of identify {unknown}
Potions
 d - 3 potions of attraction {unknown}
 h - a potion of heal wounds {unknown}
 k - a potion of mutation {unknown}
 l - a potion of haste
 m - 2 potions of curing {unknown}
 n - a potion of might {unknown}
 o - a potion of degeneration {unknown}


   Skills:
 + Level 4.0 Fighting
 + Level 4.3 Polearms
 + Level 1.3 Armour
 + Level 4.0 Dodging
 - Level 6.0 Stealth
 + Level 1.1 Shields
 + Level 2.0 Evocations


You had 4 spell levels left.
You didn't know any spells.
Your spell library contained the following spells:

 Spells                   Type           Power      Damage    Failure   Level
 Frozen Ramparts          Ice            0%         1d2       100%        3
 Ice Form                 Ice/Tmut       0%         N/A       100%        4
 Summon Ice Beast         Ice/Summ       0%         N/A       100%        4


Dungeon Overview and Level Annotations

Branches:
Dungeon (5/15)             Temple (0/1) D:5

Altars:
Nemelex Xobeh
Trog

Shops:
D:1 :   D:4 [

Annotations:
D:4 Pikel
D:5 Sigmund


Innate Abilities, Weirdness & Mutations

((You are quick and stealthy near water. (Stealth+, EV+, Speed+++)))
Your lower body shifts to a powerful aquatic tail in water.


Message History

You are too injured to fight recklessly!
You are too injured to fight recklessly!
You are too injured to fight recklessly!
You are too injured to fight recklessly!
The orc shouts!
You hit the orc but do no damage.
The orc is heavily wounded.
You block the orc's attack.
You barely miss the orc.
The orc is heavily wounded.
The orc hits you with a +0 flail of protection.
The orc hits you with a +0 flail of protection!
* * * LOW HITPOINT WARNING * * *
Press: ? - help, v - describe, . - travel
Here: an orc, wielding a +0 flail of protection and wearing a +0 ring mail (heavily wounded)
The floor.
You hit the orc but do no damage.
The orc is heavily wounded.
You block the orc's attack.
You hit the orc but do no damage.
The orc is heavily wounded.
You block the orc's attack.
You hit the orc.
You kill the orc!
Trog accepts your kill.
You are too injured to fight recklessly!
You hit the orc.
The orc is lightly wounded.
The orc hits you with a +0 flail.
* * * LOW HITPOINT WARNING * * *
You closely miss the orc.
The orc is lightly wounded.
The orc hits you with a +0 flail.
* * * LOW HITPOINT WARNING * * *
There is a stone staircase leading up here.
You block the orc's attack.
You climb upwards.
There is a stone staircase leading down here.
You closely miss the orc. The orc hits you with a +0 flail!
You die...

#...# #..#.#.#.###.#.#.# #.
####...# ##.#.#.#.....#.#.# #.
.......# #...#.#######.#.# #.
.......# #...............### ##
.......# ##..#.........###.#
....(..## ##.#.........#≈#.#
........######...........#≈#.#
#≈#####.....##...........#≈#.#
#≈###≈≈.....'...@o........≈..#
≈≈..≈≈......##.#..........≈..#
...≈≈##.....##.#..........≈..#
...###......#####........#≈#.####
≈≈.##.####+#########.....#≈#....#
.≈≈≈##.##.....#≈≈≈≈#.#######)...#
...###)≈#.....#≈≈≈≈#.# ####....#
...#..≈≈......'≈≈≈≈'.# #.......#
...#...≈.÷....#≈≈≈≈### #.......#


You could see an orc.

Vanquished Creatures
  An iguana (D:3)
  3 gnolls (D:2)
  7 adders
  An ufetubus (D:5)
  A worm (D:2)
  8 dart slugs
  2 orcs (D:3)
  7 bats
  7 endoplasms
  4 giant cockroaches
  4 goblins (D:1)
  3 hobgoblins
  2 jackals (D:1)
  3 quokkas
  3 ball pythons
  2 frilled lizards
  7 kobolds
  6 rats
71 creatures vanquished.

Notes
Turn   | Place    | Note
-------+----------+-------------------------------------------
     0 | D:5      | flotson the Merfolk Delver began the quest for the Orb.
     0 | D:5      | Reached XP level 1. HP: 18/18 MP: 1/1
    14 | D:5      | Noticed Sigmund
    33 | D:4      | Found Sinebyfe's Antique Armour Boutique.
    72 | D:4      | Noticed an iguana
   105 | D:4      | Noticed a lemure
   106 | D:4      | Noticed a lemure
   107 | D:4      | Noticed Pikel
   140 | D:3      | Reached XP level 2. HP: 7/24 MP: 2/2
   398 | D:3      | Reached skill level 1 in Evocations
   398 | D:3      | Reached XP level 3. HP: 12/29 MP: 3/3
   886 | D:3      | Found a sparkling altar of Nemelex Xobeh.
   976 | D:2      | Reached XP level 4. HP: 36/36 MP: 4/4
   989 | D:1      | Found Zyplono's Book Shop.
  1449 | D:1      | Found a faded altar of an unknown god.
  1797 | D:1      | Reached skill level 1 in Armour
  2374 | D:2      | Reached XP level 5. HP: 29/42 MP: 5/5
  3075 | D:2      | Reached skill level 6 in Stealth
  3092 | D:2      | Found a bloodstained altar of Trog.
  3424 | D:2      | Reached skill level 1 in Shields
  3830 | D:2      | Became a worshipper of Trog the Wrathful
  4150 | D:2      | Slain by an orc

Illustrated notes

Levels and vault maps discovered:
D:1:      dpeg_arrival_snail, layout_basic, serial_shops, nicolae_shop_crystal,
          ebering_ecumenical_altar_abandoned, minmay_tromino_v4_c
D:2:      minmay_wonky_spiral, layout_basic, serial_rivers,
          chequers_serial_rivers_small_b, chequers_serial_rivers_room_a,
          chequers_serial_rivers_micro_a, chequers_serial_rivers_micro_b,
          chequers_serial_rivers_room_b, basic_altar, minmay_misc_feat_cross
D:3:      layout_loops_ring, mainiacjoe_overflow_small_starburst
D:4:      layout_cave_pools, mainiacjoe_overflow_cross_hatched, serial_shops,
          nicolae_shop_crystal, uniq_menkaure, uniq_pikel
D:5:      layout_loops_ring, minmay_temple_entry_statues, portal_sewer_entry_d,
          kennysheep_cross_bottleneck, minmay_starry_boxes, uniq_sigmund

Skill      XL: |  1  2  3  4  5 |
---------------+----------------+-----
Dodging        | 3 4 |  4.0
Evocations     | 1 2 |  2.0
Armour         | 1 |  1.3
Polearms       | 4 |  4.3
Stealth        | 6 |  6.0
Shields        | 1 |  1.1
Fighting       | 4 |  4.0

Action                   |  1- 3 |  4- 6 || total
-------------------------+-------+-------++-------
Melee: Spear             |    63 |   280 ||   343
       Tailslap          |       |     1 ||     1
  Use: Potion            |     2 |       ||     2
       Scroll            |     1 |       ||     1
 Stab: Sleeping          |     2 |    13 ||    15
       Distracted        |       |     1 ||     1
Armor: Leather armour    |     6 |       ||     6
       Ring mail         |    17 |    65 ||    82
Dodge: Dodged            |    36 |    97 ||   133
Block: Kite shield       |       |    83 ||    83

Table legend: (Time is in decaauts)
 A = Elapsed time spent in this place.
 B = Non-inter-level travel time spent in this place.
 C = Inter-level travel time spent in this place.
 D = Time resting spent in this place.
 E = Time spent auto-exploring this place.
 F = Levels seen in this place.
 G = Mean time per level.
                   A        B        C        D        E       F      G
               +--------+--------+--------+--------+--------+-----+--------+
         Total |   4136 |   3955 |    181 |    182 |   2960 |   5 |  827.2 |
       Dungeon |   4136 |   3955 |    181 |    182 |   2960 |   5 |  827.2 |
               +--------+--------+--------+--------+--------+-----+--------+

Top non-repeatable levels by time:
     D:2: 1465 daAuts
     D:1: 1462 daAuts
     D:3: 1105 daAuts
     D:5: 55 daAuts
     D:4: 48 daAuts
